 Dungeon Crawl Stone Soup version 0.30-a0-165-g1891117ce2 (webtiles) character file.

Game seed: 6244377968552914110

105988 qw the Severer (level 16, -1/104 HPs)
             Began as a Gargoyle Fighter on Sept 28, 2022.
             Was a High Priest of Okawaru.
             Slain by a bunyip (6 damage)
             ... on level 3 of the Swamp.
             The game lasted 00:10:53 (29518 turns).

qw the Severer (Gargoyle Fighter)                  Turns: 29518, Time: 00:10:54

Health: -1/104     AC: 44    Str: 25    XL:     16   Next: 42%
Magic:  23/23      EV: 12    Int: 12    God:    Okawaru [*****.]
Gold:   939        SH:  8    Dex: 15    Spells: 15/15 levels left

rFire   + . .      SeeInvis .    v - +5 broad axe (flame)
rCold   + . .      Faith    .    c - +0 buckler
rNeg    + + .      Spirit   .    m - +4 scale mail "Ullufuv" {rF+ rC+}
rPois   inf        Reflect  .    h - +2 helmet
rElec   +          Harm     .    B - +2 cloak
rCorr   .          Rampage  .    p - +2 pair of gloves
Will    +....                    f - +1 pair of boots
Stlth   ++........               C - amulet of the acrobat
HPRegen 0.27/turn                q - +4 ring of protection
MPRegen 0.18/turn                y - ring "Ydakomp" {rN+ Dex+6}

@: about to teleport, heroic, grasped by roots, flying, constricted
A: sickness immunity, AC +12, big wings, negative energy resistance 1,
electricity resistance, torment resistance 1, petrification resistance
a: Renounce Religion, Heroism, Finesse, Duel


You were on level 3 of the Swamp.
You worshipped Okawaru.
Okawaru was extremely pleased with you.
You visited 5 branches of the dungeon, and saw 26 of its levels.

You collected 2380 gold pieces.
You spent 1441 gold pieces at shops.


Innate Abilities, Weirdness & Mutations

You are immune to sickness and miasma.
Your stone body is resilient. (AC +12)
You are immune to poison.
Your large and strong wings let you fly.
You resist negative energy. (rN+)
You are resistant to electric shocks. (rElec)
You are resistant to unholy torment.
You are immune to petrification.


   Skills:
 - Level 13.0(18.0) Fighting
 - Level 18.0(23.0) Axes
 - Level 7.0(12.0) Throwing
 - Level 12.0(17.0) Armour
 + Level 5.4(10.4) Dodging
 - Level 8.8(13.8) Shields
 - Level 10.0 Invocations


You had 15 spell levels left.
You didn't know any spells.
Your spell library was empty.

Inventory:

Hand Weapons
 v - a +5 broad axe of flaming (weapon)
Missiles
 g - 7 boomerangs
 k - 2 javelins (quivered)
 D - 6 silver boomerangs
Armour
 c - a +0 buckler (worn)
 f - a +1 pair of boots (worn)
 h - a +2 helmet (worn)
 i - +0 acid dragon scales
 m - the +4 scale mail "Ullufuv" (worn) {rF+ rC+}
   (You found it on level 15 of the Dungeon)

   rF:        It protects you from fire.
   rC:        It protects you from cold.
 o - a +0 plate armour
 p - a +2 pair of gloves (worn)
 B - a +2 cloak (worn)
Jewellery
 e - the ring "Ylegg" {Ice Int+3}
   (You found it on level 2 of the Dungeon)

   [ring of ice]

   It enhances your ice magic.
   Int:       It affects your intelligence (+3).
   rF:        It makes you vulnerable to fire.
   rC:        It protects you from cold.
 q - a +4 ring of protection (left hand)
 u - a ring of ice
 x - the ring "Wicath" {rF- Str+6 Int+6}
   (You acquired it on level 3 of the Lair of Beasts)

   [ring of intelligence]

   Str:       It affects your strength (+6).
   Int:       It affects your intelligence (+6).
   rF:        It makes you vulnerable to fire.
 y - the ring "Ydakomp" (right hand) {rN+ Dex+6}
   (You found it on level 5 of the Lair of Beasts)

   [ring of dexterity]

   Dex:       It affects your dexterity (+6).
   rN:        It protects you from negative energy.
 C - an amulet of the acrobat (around neck)
 Y - a ring of protection from fire
Scrolls
 a - 16 scrolls of identify
Potions
 b - 2 potions of heal wounds
 d - 4 potions of might
 j - 5 potions of attraction
 l - 2 potions of magic
 n - 3 potions of lignification
 r - a potion of resistance
 s - 6 potions of haste
 t - 7 potions of curing
 w - 2 potions of mutation

Dungeon Overview and Level Annotations

Branches:
Dungeon (15/15)            Temple (1/1) D:6            Lair (5/5) D:11
  Swamp (3/4) Lair:3       Spider (0/4) Lair:3        Slime (0/5) Lair:4
    Orc (2/2) D:10            Elf (0/3) Orc:2        Vaults (0/5) D:14
 Depths (0/4) D:15

Altars:
Ashenzari
Cheibriados
Dithmenos
Elyvilon
Fedhas
Gozag
Hepliaklqana
Kikubaaqudgha
Makhleb
Nemelex Xobeh
Okawaru
Qazlal
Ru
Sif Muna
Trog
Uskayaw
Vehumet
Wu Jian
Xom
Yredelemnul
Zin
The Shining One
Jiyva
Lugonu

Shops:
D:1 (   D:6 (?([   D:14 *   Orc:2 :([?

Portals:
Abyss: Lair:5

Annotations:
D:3 3 runed translucent doors, qw's ghost, amateur GrFi
D:4 2 transporters, qw's ghost, amateur GrFi
D:5 3 runed translucent doors, qw's ghost, amateur GrFi; qw's ghost, novice GrFi
Swamp:1 2 transporters
Swamp:2 1 runed translucent door, Amet's ghost, journeyman MiBe
Orc:1 3 runed translucent doors, Potutehi's ghost, journeyman DDFi


Message History

You slash the will-o-the-wisp! You burn the will-o-the-wisp.
The will-o-the-wisp gestures.
The will-o-the-wisp conjures some foxfire!
The will-o-the-wisp misses you. The grasping roots constrict you.
A foxfire comes into view.
You barely miss the will-o-the-wisp.
The will-o-the-wisp is heavily damaged.
You hit the bunyip. You burn the bunyip.
The bunyip is engulfed in a cloud of scalding steam.
The bunyip claws you! x2
The bunyip claws you but does no damage.
The spriggan rider hits you but does no damage.
You block the will-o-the-wisp's attack.
You slash the bunyip! You burn the bunyip.
The bunyip is severely wounded.
You slash the will-o-the-wisp! You burn the will-o-the-wisp.
The foxfire hits you! You resist. The grasping roots constrict you.
The spriggan rider hits you but does no damage.
The will-o-the-wisp blinks!
The will-o-the-wisp gestures.
The will-o-the-wisp conjures some foxfire!
A foxfire comes into view.
29517 ||| READING scroll of teleportation.
As you read the scroll of teleportation, it crumbles to dust.
You feel strangely unstable. The grasping roots constrict you!
The spriggan rider hits you but does no damage.
The will-o-the-wisp gestures.
The will-o-the-wisp conjures some foxfire!
The will-o-the-wisp gestures.
The will-o-the-wisp conjures some foxfire! 3 foxfires come into view.
29518 ||| DRINKING 3 potions of heal wounds.
You feel much better. The foxfire hits you! You resist.
The bunyip is engulfed in a cloud of scalding steam.
The bunyip claws you!!
The bunyip claws you but does no damage.
The bunyip claws you.
You die...

~~~~ ~.~. ... .... 77
~[.~ .... 777~77~~~.
.~~~ 77~~~..~¤~~
..~)7777777777~~~~..~~~~
7..))%.~..7....~~~f¤[¤¤¤
~77~~¤~.....~..%¤xv¤¤¤v.
77~~~.<....~.¤@v¤¤¤7
7.~~.7¤....7¤¤¤~.77
7~...77~7777.v7i77
7~.¤~77~7 7¤7.¤.7
777~~.777 7~¤~¤.7 7~777
......~. 77 ~~~¤~¤~.
.~~(.v7...


You could see a shambling mangrove, a bunyip, a spriggan rider and 2
will-o-the-wisps.

Vanquished Creatures
  An orc warlord (Orc:2)
  An eleionoma (Swamp:2)
  2 bunyips
  Snorg (Lair:4)
  Josephine (D:15)
  Fannar (Orc:1)
  A shambling mangrove (Swamp:1)
  5 hydras
  Erolcha (Orc:2)
  2 ogre magi
  4 centaur warriors
  A catoblepas (Lair:2)
  3 two-headed ogres
  3 boulder beetles
  7 alligators
  9 death yaks (Lair:4)
  3 tengu warriors (D:15)
  3 thrashing horrors (Lair:5)
  An orc high priest (Orc:1)
  2 large abominations (Lair:5)
  Nergalle (Orc:2)
  7 skeletal warriors
  A goliath frog (Swamp:1)
  A fire crab (shapeshifter) (D:13)
  A swamp dragon (Swamp:3)
  A bog body (Swamp:1)
  A wizard (D:15)
  A wolf spider (D:15)
  3 lindwurms
  2 deep elf pyromancers
  8 orc sorcerers (Orc:2)
  4 cyclopes
  An oklob plant (Lair:4)
  16 ugly things
  3 will-o-the-wisps
  A cyclops (shapeshifter) (Lair:5)
  3 manticores
  A black mamba (shapeshifter) (D:14)
  15 cane toads
  A naga mage (D:15)
  5 elephants (Lair:4)
  3 black mambas (Lair:5)
  2 smoke demons (Lair:5)
  4 rime drakes
  2 gargoyles (D:10)
  3 komodo dragons
  2 freezing wraiths
  2 kobold demonologists
  8 hornets
  A queen bee (D:15)
  An ancient zyme (Lair:5)
  5 tyrant leeches
  A polar bear (Lair:5)
  6 meliai
  3 trolls
  6 dream sheep (Lair:4)
  6 slime creatures
  24 blink frogs
  A shadow (D:11)
  7 spriggans
  6 wraiths
  7 wyverns
  3 ynoxinuls (Lair:5)
  50 yaks
  Eustachio (D:6)
  12 basilisks
  Grum (D:8)
  6 swamp worms
  8 vampire mosquitoes
  7 wargs
  19 water moccasins
  A floating eye (shapeshifter) (D:15)
  6 acid dragons
  9 small abominations (Lair:5)
  17 orc warriors
  3 sky beasts (D:7)
  A swamp drake (Swamp:1)
  2 black bears
  3 boggarts (D:15)
  17 wolves
  8 centaurs
  4 ogres
  2 phantoms
  2 kobold brigands
  A necrophage (D:4)
  11 bullfrogs
  A two-headed ogre simulacrum (D:11)
  2 gnoll sergeants
  3 scorpions
  6 wights (D:8)
  32 killer bees
  5 howler monkeys
  An electric eel (Lair:2)
  2 jellies
  3 hounds
  2 gnoll boudas
  14 orc priests
  28 orc wizards
  A scorpion zombie (D:5)
  A spriggan simulacrum (D:11)
  A hound zombie (D:5)
  A mummy (D:6)
  Robin (D:2)
  19 gnolls
  5 adders
  2 naga simulacra (D:11)
  2 shadow imps (D:5)
  A white imp (D:6)
  An ufetubus (D:6)
  3 worms
  3 dart slugs
  50 orcs
  4 bats
  4 endoplasms
  4 giant cockroaches
  12 goblins
  11 hobgoblins
  5 jackals
  2 quokkas
  7 ball pythons
  A frilled lizard (D:1)
  12 kobolds
  4 rats
  A bush (Lair:2)
680 creatures vanquished.

Vanquished Creatures (others)
  A bloated husk (Swamp:1)
  An orc wizard (Orc:1)
  30 foxfires
  38 fungi
  66 plants
136 creatures vanquished.

Grand Total: 816 creatures vanquished

Notes
Turn   | Place    | Note
-------+----------+-------------------------------------------
     0 | D:1      | qw the Gargoyle Fighter began the quest for the Orb.
     0 | D:1      | Reached XP level 1. HP: 14/14 MP: 1/1
     0 | D:1      | 0 ||| qw: Version: 0.2-a-12-gaebbb33
     0 | D:1      | 0 ||| qw: Game counter: 903
     0 | D:1      | 0 ||| qw: Always use a shield: true
     0 | D:1      | 0 ||| qw: God list: Okawaru
     0 | D:1      | 0 ||| qw: Allow faded altars: false
     0 | D:1      | 0 ||| qw: Do Orc after D:15 true
     0 | D:1      | 0 ||| qw: Do second Lair branch before Depths: true
     0 | D:1      | 0 ||| qw: Lair rune preference: random
     0 | D:1      | 0 ||| qw: Plans: Normal, Zot:1-4, God:TSO, Crypt, Tomb,
                  | Pan, Slime:5, Hells, Abyss, Orb
     0 | D:1      | 0 ||| PLANNING D:1-11
    20 | D:1      | Found Kimisow's Antique Weapon Shoppe.
    28 | D:1      | 28 ||| SHOPLISTING club (27 gold, have 16).
    28 | D:1      | 28 ||| SHOPLISTING glowing hand axe (162 gold, have 16).
    28 | D:1      | 28 ||| SHOPLISTING whip (67 gold, have 16).
    99 | D:1      | Reached skill level 2 in Axes
   222 | D:1      | Reached XP level 2. HP: 19/19 MP: 2/2
   606 | D:1      | 606 ||| UPGRADING to +0 helmet.
   611 | D:1      | 611 ||| READING 2 scrolls labelled FYOFY LOGERO.
   648 | D:2      | Reached skill level 3 in Axes
   659 | D:2      | Identified the ring "Ylegg" {Ice Int+3}
   680 | D:2      | Reached XP level 3. HP: 20/23 MP: 3/3
   893 | D:2      | 893 ||| Stepping ~*~*~tactically~*~*~ (stealth).
   898 | D:2      | 898 ||| Stepping ~*~*~tactically~*~*~ (stealth).
   900 | D:2      | Noticed Robin
   907 | D:2      | Killed Robin
   908 | D:2      | Reached XP level 4. HP: 24/28 MP: 4/4
   908 | D:2      | 908 ||| FLEEEEING.
   909 | D:2      | 909 ||| FLEEEEING.
   910 | D:2      | 910 ||| FLEEEEING.
   911 | D:2      | 911 ||| FLEEEEING.
   912 | D:2      | 912 ||| FLEEEEING.
   913 | D:2      | 913 ||| FLEEEEING.
   914 | D:2      | 914 ||| FLEEEEING.
   915 | D:2      | 915 ||| FLEEEEING.
   916 | D:2      | 916 ||| FLEEEEING.
   917 | D:2      | 917 ||| FLEEEEING.
   918 | D:2      | 918 ||| FLEEEEING.
   919 | D:2      | 919 ||| FLEEEEING.
   920 | D:2      | 920 ||| FLEEEEING.
   921 | D:2      | 921 ||| FLEEEEING.
   922 | D:2      | 922 ||| FLEEEEING.
   923 | D:2      | 923 ||| STAIRDANCE
   948 | D:1      | 948 ||| DRINKING 2 fizzy silvery potions.
   949 | D:1      | 949 ||| READING 4 scrolls of identify.
   949 | D:1      | 949 ||| IDENTIFYING lumpy sapphire potion
   950 | D:1      | 950 ||| DROPPING potion of flight.
   953 | D:2      | 953 ||| STAIRDANCE
   960 | D:1      | Reached skill level 4 in Axes
  1118 | D:2      | 1118 ||| Stepping ~*~*~tactically~*~*~ (stealth).
  1120 | D:2      | Found a white marble altar of Elyvilon.
  1150 | D:2      | 1150 ||| DROPPING +0 club.
  1160 | D:2      | 1160 ||| Stepping ~*~*~tactically~*~*~ (hiding).
  1165 | D:2      | 1165 ||| Stepping ~*~*~tactically~*~*~ (hiding).
  1359 | D:2      | 1359 ||| DROPPING scarf of invisibility.
  1360 | D:2      | 1360 ||| READING scroll labelled JEMNUP ENIDUWU.
  1363 | D:2      | 1363 ||| READING scroll labelled GAES ETUTZA.
  1364 | D:2      | 1364 ||| READING 3 scrolls labelled VEWUAPP QUHEL.
  1365 | D:2      | 1365 ||| DROPPING 2 scrolls of fog.
  1397 | D:3      | Noticed a phantom
  1415 | D:3      | Killed a phantom
  1416 | D:3      | Reached skill level 5 in Axes
  1416 | D:3      | Reached XP level 5. HP: 19/32 MP: 5/5
  1610 | D:3      | Found a faded altar of an unknown god.
  1935 | D:3      | Found a runed translucent gate.
  1935 | D:3      | Noticed qw's ghost (amateur GrFi)
  1937 | D:3      | Found a runed translucent gate.
  1939 | D:3      | Found a runed translucent gate.
  1963 | D:3      | 1963 ||| UPGRADING to +0 pair of boots.
  1991 | D:4      | 1991 ||| PLANNING SEWER
  1993 | D:4      | Noticed a phantom
  2005 | D:4      | Killed a phantom
  2006 | D:4      | Reached XP level 6. HP: 31/39 MP: 6/6
  2044 | D:4      | 2044 ||| Stepping ~*~*~tactically~*~*~ (stealth).
  2092 | D:4      | 2092 ||| Stepping ~*~*~tactically~*~*~ (stealth).
  2117 | D:4      | Reached skill level 1 in Dodging
  2183 | D:4      | 2183 ||| Stepping ~*~*~tactically~*~*~ (hiding).
  2185 | D:4      | 2185 ||| Stepping ~*~*~tactically~*~*~ (hiding).
  2186 | D:4      | 2186 ||| Stepping ~*~*~tactically~*~*~ (hiding).
  2291 | D:4      | 2291 ||| Stepping ~*~*~tactically~*~*~ (stealth).
  2292 | D:4      | 2292 ||| Stepping ~*~*~tactically~*~*~ (stealth).
  2293 | D:4      | 2293 ||| Stepping ~*~*~tactically~*~*~ (stealth).
  2294 | D:4      | 2294 ||| Stepping ~*~*~tactically~*~*~ (stealth).
  2312 | D:4      | Noticed qw's ghost (amateur GrFi)
  2317 | D:4      | Found a transporter.
  2348 | D:4      | 2348 ||| Stepping ~*~*~tactically~*~*~ (hiding).
  2376 | D:4      | HP: 8/39 [kobold brigand/+0 club (3)]
  2377 | D:4      | 2377 ||| READING scroll of teleportation.
  2385 | D:4      | 2385 ||| FLEEEEING.
  2386 | D:4      | 2386 ||| FLEEEEING.
  2389 | D:4      | 2389 ||| STAIRDANCE
  2644 | D:3      | 2644 ||| UPGRADING to +0 chain mail.
  2654 | D:3      | 2654 ||| DROPPING +0 scale mail.
  2655 | D:3      | 2655 ||| READING scroll labelled YNIWNU KIUQIEN.
  2716 | D:3      | 2716 ||| READING 5 scrolls of identify.
  2716 | D:3      | 2716 ||| IDENTIFYING glowing black potion
  2717 | D:3      | 2717 ||| READING 4 scrolls of identify.
  2717 | D:3      | 2717 ||| IDENTIFYING fuming white potion
  2745 | D:4      | 2745 ||| RIP SEWER
  2746 | D:4      | 2746 ||| PLANNING D:1-11
  2747 | D:4      | Reached XP level 7. HP: 14/44 MP: 7/7
  2747 | D:4      | 2747 ||| STAIRDANCE
  3002 | D:4      | Found a transporter.
  3053 | D:4      | Reached skill level 6 in Axes
  3187 | D:4      | 3187 ||| DROPPING +0 whip.
  3465 | D:4      | 3465 ||| DROPPING ring of flight.
  3466 | D:4      | 3466 ||| READING scroll labelled ZAURIE SURECWE.
  3467 | D:4      | 3467 ||| READING 3 scrolls of identify.
  3467 | D:4      | 3467 ||| IDENTIFYING fizzy ruby potion
  3499 | D:5      | Entered Level 5 of the Dungeon
  3610 | D:5      | 3610 ||| Stepping ~*~*~tactically~*~*~ (hiding).
  3956 | D:5      | Reached skill level 7 in Axes
  4026 | D:5      | 4026 ||| Stepping ~*~*~tactically~*~*~ (hiding).
  4033 | D:5      | 4033 ||| Stepping ~*~*~tactically~*~*~ (stealth).
  4272 | D:5      | 4272 ||| Stepping ~*~*~tactically~*~*~ (stealth).
  4273 | D:5      | 4273 ||| Stepping ~*~*~tactically~*~*~ (stealth).
  4341 | D:5      | Reached XP level 8. HP: 45/49 MP: 8/8
  4378 | D:5      | Found a basalt altar of Yredelemnul.
  4418 | D:5      | Found a runed translucent gate.
  4418 | D:5      | Found a runed translucent gate.
  4419 | D:5      | Noticed qw's ghost (novice GrFi)
  4420 | D:5      | Found a runed translucent gate.
  4421 | D:5      | Noticed qw's ghost (amateur GrFi)
  4576 | D:5      | 4576 ||| Stepping ~*~*~tactically~*~*~ (hiding).
  4715 | D:5      | 4715 ||| READING scroll labelled HOREOL KETUDI.
  4816 | D:5      | 4816 ||| DRINKING 2 orange potions.
  4817 | D:5      | 4817 ||| READING 4 scrolls of identify.
  4817 | D:5      | 4817 ||| IDENTIFYING viscous golden potion
  4818 | D:5      | 4818 ||| DROPPING potion of degeneration.
  4819 | D:5      | 4819 ||| DROPPING potion of brilliance.
  4835 | D:6      | Found a radiant altar of Vehumet.
  4836 | D:6      | 4836 ||| PLANNING OSSUARY
  4939 | D:6      | Reached skill level 1 in Throwing
  4949 | D:6      | Found Jallaugh's Weapon Shop.
  4954 | D:6      | Found Oce Jome's Antique Armour Emporium.
  4979 | D:6      | 4979 ||| BUYING glowing ring mail (182 gold).
  4979 | D:6      | Bought a glowing ring mail for 182 gold pieces
  4979 | D:6      | 4979 ||| SHOPLISTING runed plate armour (676 gold, have
                  | 68).
  4992 | D:6      | 4992 ||| Stepping ~*~*~tactically~*~*~ (hiding).
  4994 | D:6      | Found a shimmering altar of Xom.
  5025 | D:6      | Noticed Eustachio
  5063 | D:6      | Killed Eustachio
  5276 | D:6      | 5276 ||| SHOPLISTING +6 flail of venom (362 gold, have 83).
  5277 | D:6      | Found Amus Qing's Magic Scroll Shoppe.
  5285 | D:6      | 5285 ||| SHOPLISTING scroll of enchant weapon (105 gold,
                  | have 83).
  5285 | D:6      | 5285 ||| BUYING scroll of identify (28 gold).
  5285 | D:6      | Bought a scroll of identify for 28 gold pieces
  5285 | D:6      | 5285 ||| BUYING scroll of identify (28 gold).
  5285 | D:6      | Bought a scroll of identify for 28 gold pieces
  5285 | D:6      | 5285 ||| SHOPLISTING scroll of identify (28 gold, have 27).
  5285 | D:6      | 5285 ||| SHOPLISTING scroll of teleportation (42 gold, have
                  | 27).
  5372 | D:6      | Found a staircase to the Ecumenical Temple.
  5469 | D:6      | Found Vasmuffy's Antique Weapon Shoppe.
  5479 | D:6      | 5479 ||| SHOPLISTING crystal flail (161 gold, have 43).
  5479 | D:6      | 5479 ||| SHOPLISTING glowing hand axe (114 gold, have 43).
  5479 | D:6      | 5479 ||| SHOPLISTING glowing mace (114 gold, have 43).
  5502 | D:6      | Reached skill level 8 in Axes
  5502 | D:6      | 5502 ||| Stepping ~*~*~tactically~*~*~ (hiding).
  5520 | D:6      | 5520 ||| RIP OSSUARY
  5521 | D:6      | 5521 ||| PLANNING TEMPLE
  5720 | D:6      | 5720 ||| UPGRADING to +4 ring of protection.
  5721 | D:6      | 5721 ||| READING scroll labelled GOKLIE POUNE.
  5722 | D:6      | 5722 ||| READING scroll labelled LUOLUV ZEMOMO.
  5723 | D:6      | 5723 ||| READING 2 scrolls labelled DUN DIWOENI.
  5724 | D:6      | 5724 ||| READING scroll of brand weapon.
  5724 | D:6      | 5724 ||| BRANDING +0 war axe of freezing.
  5725 | D:6      | 5725 ||| READING 6 scrolls of identify.
  5725 | D:6      | 5725 ||| IDENTIFYING metallic purple potion
  5726 | D:6      | 5726 ||| DROPPING potion of ambrosia.
  5750 | Temple   | Entered the Ecumenical Temple
  5753 | Temple   | 5753 ||| PLANNING OKAWARU WORSHIP
  5815 | Temple   | Became a worshipper of Warmaster Okawaru
  5816 | Temple   | 5816 ||| PLANNING D:1-11
  5977 | D:6      | 5977 ||| READING 5 scrolls of identify.
  5977 | D:6      | 5977 ||| IDENTIFYING white potion
  6021 | D:7      | Noticed a hornet
  6037 | D:7      | Killed a hornet
  6038 | D:7      | Reached skill level 6 in Fighting
  6038 | D:7      | 6038 ||| STAIRDANCE
  6145 | D:7      | Identified the +6 whip of Rubbish {pain, +Blink Dex+4 SInv}
  6280 | D:7      | Reached XP level 9. HP: 56/56 MP: 9/9
  6285 | D:7      | 6285 ||| READING scroll of brand weapon.
  6285 | D:7      | 6285 ||| BRANDING +0 war axe of venom.
  6286 | D:7      | 6286 ||| DROPPING +0 flail.
  6287 | D:7      | 6287 ||| DROPPING +6 whip of Rubbish {pain, +Blink Dex+4
                  | SInv}.
  6467 | D:7      | Reached skill level 9 in Axes
  6512 | D:7      | 6512 ||| Stepping ~*~*~tactically~*~*~ (hiding).
  6513 | D:7      | 6513 ||| Stepping ~*~*~tactically~*~*~ (hiding).
  6669 | D:7      | 6669 ||| UPGRADING to +0 cloak.
  6674 | D:7      | 6674 ||| READING scroll labelled DERPHY YCURGH.
  6675 | D:7      | 6675 ||| READING scroll labelled UHIHYTSERO.
  6676 | D:7      | 6676 ||| READING scroll labelled WYIHOV LOCAEN.
  6730 | D:8      | Reached * piety under Okawaru
  6731 | D:8      | 6731 ||| INVOKING Heroism.
  6997 | D:8      | You fall into a shaft and drop 1 floor!
  7079 | D:9      | Noticed a troll
  7080 | D:9      | 7080 ||| INVOKING Heroism.
  7088 | D:9      | Killed a troll
  7089 | D:9      | Reached skill level 1 in Invocations
  7138 | D:9      | 7138 ||| Stepping ~*~*~tactically~*~*~ (hiding).
  7144 | D:9      | 7144 ||| INVOKING Heroism.
  7320 | D:9      | 7320 ||| Stepping ~*~*~tactically~*~*~ (hiding).
  7321 | D:9      | 7321 ||| Stepping ~*~*~tactically~*~*~ (hiding).
  7326 | D:9      | 7326 ||| Stepping ~*~*~tactically~*~*~ (stealth).
  7337 | D:9      | 7337 ||| DRINKING 2 potions of curing.
  7337 | D:9      | 7337 ||| (to cure confusion)
  7353 | D:9      | 7353 ||| Stepping ~*~*~tactically~*~*~ (stealth).
  7354 | D:9      | 7354 ||| Stepping ~*~*~tactically~*~*~ (stealth).
  7355 | D:9      | 7355 ||| Stepping ~*~*~tactically~*~*~ (stealth).
  7356 | D:9      | 7356 ||| Stepping ~*~*~tactically~*~*~ (stealth).
  7420 | D:9      | 7420 ||| Stepping ~*~*~tactically~*~*~ (hiding).
  7421 | D:9      | 7421 ||| Stepping ~*~*~tactically~*~*~ (hiding).
  7422 | D:9      | 7422 ||| Stepping ~*~*~tactically~*~*~ (hiding).
  7424 | D:9      | 7424 ||| DRINKING potion of curing.
  7424 | D:9      | 7424 ||| (to cure confusion)
  7426 | D:9      | 7426 ||| Stepping ~*~*~tactically~*~*~ (stealth).
  7427 | D:9      | 7427 ||| INVOKING Heroism.
  7431 | D:9      | 7431 ||| Stepping ~*~*~tactically~*~*~ (stealth).
  7475 | D:9      | 7475 ||| SWAPPING to +1 war axe of electrocution.
  7494 | D:9      | 7494 ||| UPGRADING to +0 plate armour.
  7504 | D:9      | 7504 ||| DROPPING +0 chain mail.
  7505 | D:9      | 7505 ||| DROPPING +3 ring mail of fire resistance.
  7506 | D:9      | 7506 ||| READING scroll labelled QOJEUZX IMNE.
  7521 | D:8      | Found a glowing golden altar of the Shining One.
  7549 | D:8      | 7549 ||| Stepping ~*~*~tactically~*~*~ (stealth).
  7557 | D:8      | Reached skill level 3 in Invocations
  7559 | D:8      | Noticed a hornet
  7568 | D:8      | Killed a hornet
  7676 | D:8      | Noticed Grum
  7677 | D:8      | 7677 ||| Stepping ~*~*~tactically~*~*~ (hiding).
  7680 | D:8      | 7680 ||| INVOKING Heroism.
  7688 | D:8      | 7688 ||| Stepping ~*~*~tactically~*~*~ (hiding).
  7691 | D:8      | Reached skill level 6 in Armour
  7693 | D:8      | HP: 8/57 [Grum/+0 spear of distortion (7)]
  7694 | D:8      | 7694 ||| READING scroll of teleportation.
  7694 | D:8      | HP: 1/57 [Grum/+0 spear of distortion (8)]
  7695 | D:8      | 7695 ||| DRINKING 3 potions of heal wounds.
  7698 | D:8      | Killed Grum
  7698 | D:8      | Found a snail-covered altar of Cheibriados.
  7698 | D:8      | Found an opulent altar of Gozag.
  7699 | D:8      | Reached XP level 10. HP: 19/63 MP: 11/13
  7919 | D:8      | Found a broken altar of Ashenzari.
  7922 | D:8      | 7922 ||| READING scroll of brand weapon.
  7922 | D:8      | 7922 ||| BRANDING +1 war axe of electrocution.
  7923 | D:8      | 7923 ||| DROPPING +1 war axe of flaming.
  7933 | D:8      | Found a hazy altar of Hepliaklqana.
  7933 | D:8      | Found a glowing silver altar of Zin.
  7974 | D:8      | 7974 ||| Stepping ~*~*~tactically~*~*~ (stealth).
  7976 | D:8      | 7976 ||| Stepping ~*~*~tactically~*~*~ (hiding).
  7997 | D:8      | 7997 ||| INVOKING Heroism.
  7999 | D:8      | Reached skill level 10 in Axes
  8147 | D:8      | Reached ** piety under Okawaru
  8162 | D:8      | 8162 ||| Stepping ~*~*~tactically~*~*~ (stealth).
  8235 | D:8      | 8235 ||| INVOKING Heroism.
  8455 | D:8      | 8455 ||| UPGRADING to +0 pair of gloves.
  8464 | D:8      | 8464 ||| Stepping ~*~*~tactically~*~*~ (stealth).
  8574 | D:9      | 8574 ||| Stepping ~*~*~tactically~*~*~ (stealth).
  8579 | D:9      | 8579 ||| Stepping ~*~*~tactically~*~*~ (stealth).
  8582 | D:9      | 8582 ||| Stepping ~*~*~tactically~*~*~ (stealth).
  8586 | D:9      | 8586 ||| Stepping ~*~*~tactically~*~*~ (stealth).
  8596 | D:9      | 8596 ||| INVOKING Heroism.
  8852 | D:9      | 8852 ||| Stepping ~*~*~tactically~*~*~ (stealth).
  8854 | D:9      | Reached *** piety under Okawaru
  8905 | D:9      | 8905 ||| READING scroll of enchant armour.
  8905 | D:9      | 8905 ||| ENCHANTING +0 pair of gloves.
  9030 | D:10     | Entered Level 10 of the Dungeon
  9230 | D:10     | 9230 ||| INVOKING Heroism.
  9248 | D:10     | Reached skill level 3 in Throwing
  9402 | D:10     | Noticed a gargoyle
  9407 | D:10     | 9407 ||| INVOKING Heroism.
  9410 | D:10     | Killed a gargoyle
  9610 | D:10     | Reached **** piety under Okawaru
  9656 | D:10     | Found a staircase to the Orcish Mines.
  9810 | D:10     | 9810 ||| INVOKING Heroism.
  9816 | D:10     | Reached XP level 11. HP: 45/68 MP: 11/14
 10021 | D:10     | Received a gift from Okawaru
 10426 | D:10     | 10426 ||| READING scroll labelled WUMU ATHRUQ.
 10495 | D:11     | 10495 ||| READING scroll of brand weapon.
 10495 | D:11     | 10495 ||| BRANDING +1 war axe of flaming.
 10515 | D:11     | 10515 ||| Stepping ~*~*~tactically~*~*~ (stealth).
 10517 | D:11     | 10517 ||| Stepping ~*~*~tactically~*~*~ (stealth).
 10520 | D:11     | 10520 ||| INVOKING Heroism.
 10531 | D:11     | Reached skill level 11 in Axes
 10550 | D:11     | Found a frozen archway.
 10570 | D:11     | 10570 ||| Stepping ~*~*~tactically~*~*~ (stealth).
 10573 | D:11     | 10573 ||| Stepping ~*~*~tactically~*~*~ (stealth).
 10576 | D:11     | 10576 ||| INVOKING Heroism.
 10589 | D:11     | Reached skill level 6 in Invocations
 10591 | D:11     | Reached skill level 9 in Fighting
 10602 | D:11     | 10602 ||| INVOKING Heroism.
 10776 | D:11     | Found a staircase to the Lair.
 10777 | D:11     | 10777 ||| DROPPING +0 club.
 10794 | D:11     | 10794 ||| READING scroll of enchant weapon.
 10794 | D:11     | 10794 ||| ENCHANTING +1 war axe of venom.
 10797 | D:11     | 10797 ||| READING scroll of enchant armour.
 10797 | D:11     | 10797 ||| ENCHANTING +1 pair of gloves.
 10899 | D:11     | 10899 ||| INVOKING Heroism.
 11120 | D:11     | 11120 ||| READING scroll of enchant armour.
 11120 | D:11     | 11120 ||| ENCHANTING +0 helmet.
 11165 | D:11     | Noticed a soul eater
 11165 | D:11     | 11165 ||| INVOKING Heroism.
 11172 | D:11     | 11172 ||| Stepping ~*~*~tactically~*~*~ (stealth).
 11174 | D:11     | 11174 ||| Stepping ~*~*~tactically~*~*~ (stealth).
 11175 | D:11     | 11175 ||| Stepping ~*~*~tactically~*~*~ (stealth).
 11182 | D:11     | 11182 ||| Stepping ~*~*~tactically~*~*~ (stealth).
 11520 | D:11     | 11520 ||| INVOKING Heroism.
 11654 | D:11     | 11654 ||| PLANNING LAIR
 11654 | D:11     | 11654 ||| DROPPING ring of wizardry.
 11670 | Lair:1   | Entered Level 1 of the Lair of Beasts
 11671 | Lair:1   | 11671 ||| INVOKING Heroism.
 11882 | Lair:1   | 11882 ||| Stepping ~*~*~tactically~*~*~ (hiding).
 11883 | Lair:1   | 11883 ||| Stepping ~*~*~tactically~*~*~ (hiding).
 12013 | Lair:1   | 12013 ||| INVOKING Heroism.
 12019 | Lair:1   | Reached skill level 9 in Armour
 12023 | Lair:1   | Reached ***** piety under Okawaru
 12231 | Lair:1   | 12231 ||| INVOKING Heroism.
 12233 | Lair:1   | 12233 ||| Stepping ~*~*~tactically~*~*~ (stealth).
 12257 | Lair:1   | Reached XP level 12. HP: 63/76 MP: 18/18
 12417 | Lair:1   | 12417 ||| INVOKING Heroism.
 12426 | Lair:1   | Received a gift from Okawaru
 12437 | Lair:1   | Reached skill level 9 in Invocations
 12523 | Lair:1   | 12523 ||| Stepping ~*~*~tactically~*~*~ (stealth).
 12528 | Lair:1   | 12528 ||| INVOKING Heroism.
 13026 | Lair:2   | 13026 ||| INVOKING Heroism.
 13056 | Lair:2   | Reached skill level 12 in Axes
 13063 | Lair:2   | 13063 ||| READING 2 scrolls of enchant armour.
 13063 | Lair:2   | 13063 ||| ENCHANTING +1 helmet.
 13064 | Lair:2   | 13064 ||| READING scroll of enchant armour.
 13064 | Lair:2   | 13064 ||| ENCHANTING +0 pair of boots.
 13097 | Lair:2   | 13097 ||| INVOKING Heroism.
 13239 | Lair:2   | Reached skill level 6 in Shields
 13251 | Lair:2   | 13251 ||| Stepping ~*~*~tactically~*~*~ (stealth).
 13252 | Lair:2   | 13252 ||| INVOKING Heroism.
 13253 | Lair:2   | 13253 ||| Stepping ~*~*~tactically~*~*~ (stealth).
 13390 | Lair:2   | Noticed a catoblepas
 13391 | Lair:2   | 13391 ||| INVOKING Heroism.
 13392 | Lair:2   | 13392 ||| INVOKING Finesse.
 13402 | Lair:2   | Killed a catoblepas
 13402 | Lair:2   | Received a gift from Okawaru
 13442 | Lair:2   | 13442 ||| SWAPPING to +1 broad axe of flaming.
 13443 | Lair:2   | 13443 ||| DROPPING +0 flail.
 13444 | Lair:2   | 13444 ||| DROPPING +2 war axe of venom.
 14035 | Lair:3   | 14035 ||| INVOKING Heroism.
 14072 | Lair:3   | 14072 ||| INVOKING Heroism.
 14123 | Lair:3   | 14123 ||| Stepping ~*~*~tactically~*~*~ (hiding).
 14176 | Lair:3   | Found a hole to the Spider Nest.
 14193 | Lair:3   | 14193 ||| Stepping ~*~*~tactically~*~*~ (stealth).
 14194 | Lair:3   | 14194 ||| Stepping ~*~*~tactically~*~*~ (stealth).
 14195 | Lair:3   | 14195 ||| Stepping ~*~*~tactically~*~*~ (stealth).
 14196 | Lair:3   | 14196 ||| Stepping ~*~*~tactically~*~*~ (stealth).
 14340 | Lair:3   | 14340 ||| Stepping ~*~*~tactically~*~*~ (stealth).
 14343 | Lair:3   | 14343 ||| INVOKING Heroism.
 14394 | Lair:3   | 14394 ||| INVOKING Heroism.
 14566 | Lair:3   | Found a staircase to the Swamp.
 14828 | Lair:3   | 14828 ||| READING scroll labelled VEHAHIDDAB.
 14828 | Lair:3   | Identified a scroll of acquirement
 14828 | Lair:3   | 14828 ||| ACQUIRING ring "Wicath" {rF- Str+6 Int+6}
 14828 | Lair:3   | Acquired the ring "Wicath" {rF- Str+6 Int+6}
 14830 | Lair:3   | 14830 ||| UPGRADING to ring "Wicath" {rF- Str+6 Int+6}.
 14831 | Lair:3   | 14831 ||| READING 10 scrolls of identify.
 14831 | Lair:3   | 14831 ||| IDENTIFYING viscous black potion
 14863 | Lair:4   | Noticed a death yak
 14864 | Lair:4   | 14864 ||| INVOKING Heroism.
 14864 | Lair:4   | Noticed a death yak
 14865 | Lair:4   | 14865 ||| INVOKING Finesse.
 14865 | Lair:4   | Noticed a death yak
 14877 | Lair:4   | Killed a death yak
 14877 | Lair:4   | Killed a death yak
 14878 | Lair:4   | Reached skill level 13 in Axes
 14878 | Lair:4   | Reached XP level 13. HP: 68/82 MP: 13/20
 14896 | Lair:4   | 14896 ||| Stepping ~*~*~tactically~*~*~ (stealth).
 14969 | Lair:4   | Noticed Snorg
 14970 | Lair:4   | 14970 ||| INVOKING Heroism.
 14971 | Lair:4   | 14971 ||| INVOKING Finesse.
 14983 | Lair:4   | Killed Snorg
 15024 | Lair:4   | Found a staircase to the Slime Pits.
 15025 | Lair:4   | Found a viscous altar of Jiyva.
 15056 | Lair:4   | 15056 ||| Stepping ~*~*~tactically~*~*~ (stealth).
 15057 | Lair:4   | 15057 ||| INVOKING Heroism.
 15077 | Lair:4   | 15077 ||| Stepping ~*~*~tactically~*~*~ (hiding).
 15083 | Lair:4   | Received a gift from Okawaru
 15123 | Lair:4   | 15123 ||| Stepping ~*~*~tactically~*~*~ (stealth).
 15124 | Lair:4   | 15124 ||| Stepping ~*~*~tactically~*~*~ (stealth).
 15137 | Lair:4   | 15137 ||| Stepping ~*~*~tactically~*~*~ (stealth).
 15203 | Lair:4   | Found a dark tunnel.
 15204 | Lair:4   | 15204 ||| INVOKING Heroism.
 15378 | Lair:4   | Found a hide-covered altar of Uskayaw.
 15379 | Lair:4   | 15379 ||| INVOKING Heroism.
 15380 | Lair:4   | 15380 ||| INVOKING Finesse.
 15442 | Lair:4   | 15442 ||| Stepping ~*~*~tactically~*~*~ (stealth).
 15443 | Lair:4   | 15443 ||| INVOKING Heroism.
 15444 | Lair:4   | 15444 ||| INVOKING Finesse.
 15463 | Lair:4   | Reached skill level 14 in Axes
 15545 | Lair:4   | 15545 ||| INVOKING Heroism.
 15556 | Lair:4   | 15556 ||| Stepping ~*~*~tactically~*~*~ (stealth).
 15557 | Lair:4   | 15557 ||| Stepping ~*~*~tactically~*~*~ (stealth).
 15558 | Lair:4   | 15558 ||| Stepping ~*~*~tactically~*~*~ (stealth).
 15593 | Lair:4   | 15593 ||| Stepping ~*~*~tactically~*~*~ (stealth).
 15597 | Lair:4   | 15597 ||| INVOKING Heroism.
 15820 | Lair:4   | 15820 ||| UPGRADING to ring of protection from fire.
 15827 | Lair:5   | Entered Level 5 of the Lair of Beasts
 15849 | Lair:5   | 15849 ||| INVOKING Heroism.
 15944 | Lair:5   | 15944 ||| Stepping ~*~*~tactically~*~*~ (stealth).
 15945 | Lair:5   | 15945 ||| Stepping ~*~*~tactically~*~*~ (stealth).
 16057 | Lair:5   | 16057 ||| Stepping ~*~*~tactically~*~*~ (hiding).
 16058 | Lair:5   | 16058 ||| Stepping ~*~*~tactically~*~*~ (hiding).
 16059 | Lair:5   | 16059 ||| INVOKING Heroism.
 16104 | Lair:5   | 16104 ||| Stepping ~*~*~tactically~*~*~ (stealth).
 16107 | Lair:5   | Identified the +2 robe of Rennim {rElec Str+10 Int-2 Dex-2}
                  | (Okawaru gifted it to you on level 5 of the Lair of Beasts)
 16107 | Lair:5   | Received a gift from Okawaru
 16117 | Lair:5   | 16117 ||| INVOKING Heroism.
 16120 | Lair:5   | 16120 ||| Stepping ~*~*~tactically~*~*~ (stealth).
 16123 | Lair:5   | Gained mutation: Your large and strong wings let you fly.
                  | [Gargoyle growth]
 16123 | Lair:5   | Reached XP level 14. HP: 90/90 MP: 18/21
 16190 | Lair:5   | 16190 ||| INVOKING Heroism.
 16277 | Lair:5   | 16277 ||| INVOKING Heroism.
 16402 | Lair:5   | 16402 ||| INVOKING Heroism.
 16472 | Lair:5   | 16472 ||| INVOKING Heroism.
 16475 | Lair:5   | Reached skill level 15 in Axes
 16774 | Lair:5   | 16774 ||| Stepping ~*~*~tactically~*~*~ (hiding).
 16780 | Lair:5   | 16780 ||| INVOKING Heroism.
 16792 | Lair:5   | 16792 ||| Stepping ~*~*~tactically~*~*~ (stealth).
 16836 | Lair:5   | 16836 ||| Stepping ~*~*~tactically~*~*~ (stealth).
 16847 | Lair:5   | 16847 ||| INVOKING Heroism.
 16861 | Lair:5   | Reached skill level 12 in Fighting
 17062 | Lair:5   | 17062 ||| INVOKING Heroism.
 17249 | Lair:5   | 17249 ||| INVOKING Heroism.
 17264 | Lair:5   | 17264 ||| Stepping ~*~*~tactically~*~*~ (hiding).
 17375 | Lair:5   | 17375 ||| INVOKING Heroism.
 17377 | Lair:5   | Reached skill level 12 in Armour
 17379 | Lair:5   | HP: 11/92 [large abomination (24)]
 17380 | Lair:5   | 17380 ||| READING 4 scrolls of teleportation.
 17381 | Lair:5   | 17381 ||| DRINKING 5 potions of heal wounds.
 17607 | Lair:5   | 17607 ||| Stepping ~*~*~tactically~*~*~ (stealth).
 17730 | Lair:5   | Found a corrupted altar of Lugonu.
 17730 | Lair:5   | Found a one-way gate to the infinite horrors of the Abyss.
 17735 | Lair:5   | Identified the ring "Ydakomp" {rN+ Dex+6}
 17834 | Lair:5   | 17834 ||| Stepping ~*~*~tactically~*~*~ (stealth).
 17841 | Lair:5   | 17841 ||| Stepping ~*~*~tactically~*~*~ (stealth).
 17891 | Lair:5   | 17891 ||| PLANNING D
 17891 | Lair:5   | 17891 ||| UPGRADING to ring "Ydakomp" {rN+ Dex+6}.
 18063 | D:12     | 18063 ||| INVOKING Heroism.
 18380 | D:12     | 18380 ||| INVOKING Heroism.
 18392 | D:12     | Reached skill level 3 in Dodging
 18520 | D:12     | 18520 ||| INVOKING Heroism.
 18521 | D:12     | 18521 ||| INVOKING Finesse.
 18845 | D:12     | 18845 ||| READING 3 scrolls of teleportation.
 18846 | D:12     | 18846 ||| FLEEEEING.
 18847 | D:12     | 18847 ||| FLEEEEING.
 18848 | D:12     | 18848 ||| FLEEEEING.
 19086 | D:12     | 19086 ||| READING 2 scrolls of teleportation.
 19122 | D:12     | 19122 ||| Stepping ~*~*~tactically~*~*~ (hiding).
 19125 | D:12     | 19125 ||| Stepping ~*~*~tactically~*~*~ (hiding).
 19746 | D:13     | 19746 ||| INVOKING Heroism.
 19766 | D:13     | 19766 ||| FLEEEEING.
 19767 | D:13     | 19767 ||| FLEEEEING.
 19768 | D:13     | 19768 ||| FLEEEEING.
 19769 | D:13     | 19769 ||| FLEEEEING.
 19770 | D:13     | 19770 ||| FLEEEEING.
 19771 | D:13     | 19771 ||| FLEEEEING.
 19772 | D:13     | 19772 ||| FLEEEEING.
 19773 | D:13     | 19773 ||| FLEEEEING.
 19774 | D:13     | 19774 ||| FLEEEEING.
 19775 | D:13     | 19775 ||| FLEEEEING.
 19776 | D:13     | 19776 ||| FLEEEEING.
 19777 | D:13     | 19777 ||| FLEEEEING.
 19778 | D:13     | 19778 ||| FLEEEEING.
 19779 | D:13     | 19779 ||| FLEEEEING.
 19780 | D:13     | 19780 ||| FLEEEEING.
 19781 | D:13     | 19781 ||| FLEEEEING.
 19782 | D:13     | 19782 ||| FLEEEEING.
 19783 | D:13     | 19783 ||| FLEEEEING.
 19784 | D:13     | 19784 ||| FLEEEEING.
 19785 | D:13     | 19785 ||| FLEEEEING.
 19786 | D:13     | 19786 ||| FLEEEEING.
 19787 | D:13     | 19787 ||| FLEEEEING.
 19788 | D:13     | 19788 ||| FLEEEEING.
 20050 | D:13     | Identified the +2 robe "Mauseib" {Stlth+} (Okawaru gifted
                  | it to you on level 13 of the Dungeon)
 20050 | D:13     | Received a gift from Okawaru
 20136 | D:13     | 20136 ||| Stepping ~*~*~tactically~*~*~ (hiding).
 20137 | D:13     | 20137 ||| Stepping ~*~*~tactically~*~*~ (hiding).
 20147 | D:13     | Reached skill level 6 in Throwing
 20190 | D:13     | 20190 ||| INVOKING Heroism.
 20429 | D:13     | 20429 ||| INVOKING Heroism.
 20653 | D:13     | 20653 ||| INVOKING Heroism.
 20654 | D:13     | 20654 ||| INVOKING Finesse.
 21029 | D:14     | Reached XP level 15. HP: 95/96 MP: 22/22
 21288 | D:14     | 21288 ||| Stepping ~*~*~tactically~*~*~ (stealth).
 21294 | D:14     | 21294 ||| Stepping ~*~*~tactically~*~*~ (hiding).
 21296 | D:14     | 21296 ||| INVOKING Heroism.
 21325 | D:14     | Paralysed by something for 5 turns
 21328 | D:14     | HP: 23/96 [something (7)]
 21335 | D:14     | HP: 15/96 [ogre mage/bolt of magma (10)]
 21336 | D:14     | 21336 ||| READING scroll of teleportation.
 21337 | D:14     | 21337 ||| DRINKING 4 potions of heal wounds.
 21340 | D:14     | 21340 ||| INVOKING Heroism.
 21655 | D:14     | 21655 ||| Stepping ~*~*~tactically~*~*~ (hiding).
 21656 | D:14     | 21656 ||| Stepping ~*~*~tactically~*~*~ (hiding).
 21784 | D:14     | 21784 ||| INVOKING Heroism.
 21785 | D:14     | Found a gate to the Vaults.
 21805 | D:14     | 21805 ||| Stepping ~*~*~tactically~*~*~ (stealth).
 21855 | D:14     | 21855 ||| READING scroll of enchant weapon.
 21855 | D:14     | 21855 ||| ENCHANTING +1 broad axe of flaming.
 21874 | D:14     | 21874 ||| Stepping ~*~*~tactically~*~*~ (stealth).
 21882 | D:14     | 21882 ||| Stepping ~*~*~tactically~*~*~ (stealth).
 21887 | D:14     | 21887 ||| INVOKING Heroism.
 21896 | D:14     | Reached skill level 16 in Axes
 22010 | D:14     | 22010 ||| Stepping ~*~*~tactically~*~*~ (hiding).
 22011 | D:14     | 22011 ||| Stepping ~*~*~tactically~*~*~ (hiding).
 22012 | D:14     | 22012 ||| Stepping ~*~*~tactically~*~*~ (hiding).
 22016 | D:14     | 22016 ||| INVOKING Heroism.
 22192 | D:14     | Found Tyxoapib's Neck Hole.
 22200 | D:14     | 22200 ||| BUYING +2 cloak (264 gold).
 22200 | D:14     | Bought a +2 cloak for 264 gold pieces
 22200 | D:14     | 22200 ||| SHOPLISTING amulet of Asceticism {Contam *Slow
                  | Will+++ Regen+ rCorr} (950 gold, have 929).
 22200 | D:14     | 22200 ||| BUYING amulet of the acrobat (480 gold).
 22200 | D:14     | Bought an amulet of the acrobat for 480 gold pieces
 22212 | D:14     | 22212 ||| Stepping ~*~*~tactically~*~*~ (hiding).
 22214 | D:14     | 22214 ||| INVOKING Heroism.
 22287 | D:14     | 22287 ||| INVOKING Heroism.
 22816 | D:14     | 22816 ||| UPGRADING to +2 cloak.
 22826 | D:14     | 22826 ||| DROPPING +0 cloak.
 22827 | D:14     | 22827 ||| UPGRADING to amulet of the acrobat.
 22856 | D:15     | Entered Level 15 of the Dungeon
 23064 | D:15     | 23064 ||| Stepping ~*~*~tactically~*~*~ (hiding).
 23065 | D:15     | 23065 ||| Stepping ~*~*~tactically~*~*~ (hiding).
 23267 | D:15     | 23267 ||| Stepping ~*~*~tactically~*~*~ (stealth).
 23270 | D:15     | 23270 ||| Stepping ~*~*~tactically~*~*~ (stealth).
 23276 | D:15     | 23276 ||| FLEEEEING.
 23277 | D:15     | 23277 ||| FLEEEEING.
 23293 | D:15     | 23293 ||| INVOKING Heroism.
 23530 | D:15     | 23530 ||| INVOKING Heroism.
 23531 | D:15     | 23531 ||| INVOKING Finesse.
 23695 | D:15     | 23695 ||| READING scroll of enchant weapon.
 23695 | D:15     | 23695 ||| ENCHANTING +2 broad axe of flaming.
 23703 | D:15     | 23703 ||| INVOKING Heroism.
 23855 | D:15     | 23855 ||| INVOKING Heroism.
 23856 | D:15     | 23856 ||| INVOKING Finesse.
 23909 | D:15     | 23909 ||| Stepping ~*~*~tactically~*~*~ (stealth).
 23913 | D:15     | 23913 ||| Stepping ~*~*~tactically~*~*~ (stealth).
 23921 | D:15     | Noticed Josephine
 23922 | D:15     | 23922 ||| Stepping ~*~*~tactically~*~*~ (hiding).
 23933 | D:15     | Killed Josephine
 23933 | D:15     | Received a gift from Okawaru
 23993 | D:15     | 23993 ||| Stepping ~*~*~tactically~*~*~ (stealth).
 23997 | D:15     | 23997 ||| Stepping ~*~*~tactically~*~*~ (hiding).
 24002 | D:15     | 24002 ||| INVOKING Heroism.
 24006 | D:15     | 24006 ||| Stepping ~*~*~tactically~*~*~ (hiding).
 24260 | D:15     | 24260 ||| INVOKING Heroism.
 24309 | D:15     | Found a staircase to the Depths.
 24502 | D:15     | Identified the +4 scale mail "Ullufuv" {rF+ rC+}
 24522 | D:15     | 24522 ||| INVOKING Heroism.
 24529 | D:15     | 24529 ||| Stepping ~*~*~tactically~*~*~ (stealth).
 24598 | D:15     | 24598 ||| INVOKING Heroism.
 24604 | D:15     | Reached skill level 17 in Axes
 24911 | D:15     | 24911 ||| PLANNING ORC
 24911 | D:15     | 24911 ||| UPGRADING to +4 scale mail "Ullufuv" {rF+ rC+}.
 25074 | Orc:1    | Entered Level 1 of the Orcish Mines
 25075 | Orc:1    | 25075 ||| INVOKING Heroism.
 25141 | Orc:1    | 25141 ||| INVOKING Heroism.
 25525 | Orc:1    | 25525 ||| Stepping ~*~*~tactically~*~*~ (hiding).
 25532 | Orc:1    | 25532 ||| Stepping ~*~*~tactically~*~*~ (hiding).
 25538 | Orc:1    | 25538 ||| Stepping ~*~*~tactically~*~*~ (hiding).
 25540 | Orc:1    | Noticed Fannar
 25541 | Orc:1    | 25541 ||| Stepping ~*~*~tactically~*~*~ (hiding).
 25550 | Orc:1    | Killed Fannar
 25562 | Orc:1    | Found a runed translucent gate.
 25563 | Orc:1    | Found a runed translucent gate.
 25565 | Orc:1    | Found a runed translucent gate.
 25567 | Orc:1    | Noticed Potutehi's ghost (journeyman DDFi)
 25615 | Orc:1    | 25615 ||| Stepping ~*~*~tactically~*~*~ (hiding).
 25692 | Orc:2    | Entered Level 2 of the Orcish Mines
 25706 | Orc:2    | 25706 ||| INVOKING Heroism.
 25726 | Orc:2    | 25726 ||| FLEEEEING.
 25727 | Orc:2    | 25727 ||| FLEEEEING.
 25728 | Orc:2    | 25728 ||| FLEEEEING.
 25729 | Orc:2    | 25729 ||| FLEEEEING.
 25730 | Orc:2    | 25730 ||| FLEEEEING.
 25731 | Orc:2    | 25731 ||| FLEEEEING.
 25732 | Orc:2    | 25732 ||| FLEEEEING.
 25733 | Orc:2    | 25733 ||| FLEEEEING.
 25782 | Orc:2    | 25782 ||| INVOKING Heroism.
 25802 | Orc:2    | 25802 ||| Stepping ~*~*~tactically~*~*~ (hiding).
 25805 | Orc:2    | 25805 ||| Stepping ~*~*~tactically~*~*~ (hiding).
 25808 | Orc:2    | Found Kahiqeyqey's Book Shop.
 25854 | Orc:2    | Found a radiant altar of Vehumet.
 25854 | Orc:2    | Noticed Erolcha
 25855 | Orc:2    | 25855 ||| INVOKING Heroism.
 25859 | Orc:2    | 25859 ||| DRINKING 8 potions of curing.
 25859 | Orc:2    | 25859 ||| (to cure confusion)
 25861 | Orc:2    | 25861 ||| Stepping ~*~*~tactically~*~*~ (hiding).
 25870 | Orc:2    | 25870 ||| Stepping ~*~*~tactically~*~*~ (hiding).
 25871 | Orc:2    | Killed Erolcha
 25881 | Orc:2    | 25881 ||| Stepping ~*~*~tactically~*~*~ (hiding).
 25884 | Orc:2    | 25884 ||| Stepping ~*~*~tactically~*~*~ (hiding).
 25993 | Orc:2    | Found Ijibroh's Antique Armour Boutique.
 25999 | Orc:2    | Noticed Nergalle
 26005 | Orc:2    | 26005 ||| INVOKING Heroism.
 26014 | Orc:2    | Killed Nergalle
 26014 | Orc:2    | Received a gift from Okawaru
 26023 | Orc:2    | 26023 ||| Stepping ~*~*~tactically~*~*~ (hiding).
 26024 | Orc:2    | 26024 ||| Stepping ~*~*~tactically~*~*~ (hiding).
 26036 | Orc:2    | 26036 ||| BUYING pair of fine gloves (323 gold).
 26036 | Orc:2    | Bought a pair of fine gloves for 323 gold pieces
 26036 | Orc:2    | Identified the +0 pair of gloves of Eduguun {rPois} (You
                  | bought it in a shop on level 2 of the Orcish Mines)
 26038 | Orc:2    | Found an ancient bone altar of Kikubaaqudgha.
 26054 | Orc:2    | Found Zoiqy's Magic Scroll Boutique.
 26063 | Orc:2    | 26063 ||| BUYING scroll of enchant weapon (97 gold).
 26063 | Orc:2    | Bought a scroll of enchant weapon for 97 gold pieces
 26063 | Orc:2    | 26063 ||| BUYING scroll of teleportation (39 gold).
 26063 | Orc:2    | Bought a scroll of teleportation for 39 gold pieces
 26063 | Orc:2    | 26063 ||| READING scroll of enchant weapon.
 26063 | Orc:2    | 26063 ||| ENCHANTING +3 broad axe of flaming.
 26083 | Orc:2    | 26083 ||| INVOKING Heroism.
 26084 | Orc:2    | Noticed an orc warlord
 26085 | Orc:2    | 26085 ||| INVOKING Finesse.
 26099 | Orc:2    | Killed an orc warlord
 26381 | Orc:2    | 26381 ||| INVOKING Heroism.
 26397 | Orc:2    | Reached XP level 16. HP: 103/104 MP: 23/23
 26629 | Orc:2    | 26629 ||| INVOKING Heroism.
 26630 | Orc:2    | Found Kuinn's Antique Weapon Boutique.
 26772 | Orc:2    | Found a staircase to the Elven Halls.
 26832 | Orc:2    | 26832 ||| PLANNING SWAMP:1-3
 26832 | Orc:2    | 26832 ||| DROPPING +0 pair of gloves of Eduguun {rPois}.
 26980 | Swamp:1  | Entered Level 1 of the Swamp
 27146 | Swamp:1  | Found a transporter.
 27478 | Swamp:1  | Found a transporter.
 27484 | Swamp:1  | 27484 ||| Stepping ~*~*~tactically~*~*~ (hiding).
 27901 | Swamp:1  | 27901 ||| INVOKING Heroism.
 27991 | Swamp:1  | 27991 ||| Stepping ~*~*~tactically~*~*~ (hiding).
 27994 | Swamp:1  | 27994 ||| INVOKING Heroism.
 28106 | Swamp:1  | 28106 ||| INVOKING Heroism.
 28446 | Swamp:1  | 28446 ||| DROPPING amulet of faith.
 28572 | Swamp:2  | Found a runed translucent door.
 28573 | Swamp:2  | Found a shimmering altar of Xom.
 28573 | Swamp:2  | Noticed Amet's ghost (journeyman MiBe)
 28611 | Swamp:2  | 28611 ||| INVOKING Heroism.
 28722 | Swamp:2  | 28722 ||| READING scroll of enchant weapon.
 28722 | Swamp:2  | 28722 ||| ENCHANTING +4 broad axe of flaming.
 28894 | Swamp:2  | 28894 ||| INVOKING Heroism.
 28903 | Swamp:2  | Identified the +3 ring mail "Upniofah" {Slay+2} (Okawaru
                  | gifted it to you on level 2 of the Swamp)
 28903 | Swamp:2  | Received a gift from Okawaru
 28931 | Swamp:2  | 28931 ||| Stepping ~*~*~tactically~*~*~ (stealth).
 28932 | Swamp:2  | 28932 ||| Stepping ~*~*~tactically~*~*~ (stealth).
 28972 | Swamp:2  | 28972 ||| Stepping ~*~*~tactically~*~*~ (stealth).
 28973 | Swamp:2  | 28973 ||| Stepping ~*~*~tactically~*~*~ (stealth).
 29038 | Swamp:2  | 29038 ||| INVOKING Heroism.
 29097 | Swamp:2  | 29097 ||| Stepping ~*~*~tactically~*~*~ (stealth).
 29295 | Swamp:3  | 29295 ||| Stepping ~*~*~tactically~*~*~ (hiding).
 29296 | Swamp:3  | 29296 ||| Stepping ~*~*~tactically~*~*~ (hiding).
 29298 | Swamp:3  | 29298 ||| INVOKING Heroism.
 29305 | Swamp:3  | Reached skill level 18 in Axes
 29484 | Swamp:3  | 29484 ||| INVOKING Heroism.
 29516 | Swamp:3  | HP: 21/104 [will-o-the-wisp/foxfire (12)]
 29517 | Swamp:3  | 29517 ||| READING scroll of teleportation.
 29517 | Swamp:3  | HP: 6/104 [constriction (15)]
 29518 | Swamp:3  | 29518 ||| DRINKING 3 potions of heal wounds.
 29518 | Swamp:3  | Slain by a bunyip

Levels and vault maps discovered:
D:1:      tarquinn_simple_flora_water_b, layout_rooms, serial_shops,
          nicolae_shop_hallway_stairs
D:2:      layout_rooms, basic_altar, uniq_robin
D:3:      layout_rooms, chequers_ecumenical_altar_island,
          biasface_ghost_orc_armoury
D:4:      layout_cave_pools, gammafunk_ghost_stat_death, portal_sewer_entry_d
D:5:      layout_loops_ring, lemuel_zombie_altar_yredelemnul,
          gammafunk_ghost_cemetery, uniq_grinder
D:6:      layout_rooms, vehumet_crystals, tgw_xom,
          minmay_temple_entry_gardened_gates, serial_shops, nicolae_square_shop,
          shop_scrolls, nicolae_shop_crystal, nicolae_shop_overgrown_old_shop,
          gup_ossuary_entry_pyramid, uniq_eustachio
D:7:      layout_rooms
D:8:      layout_basic, tso_altar, minmay_overflow_temple_star_hex, uniq_grum
D:9:      layout_basic
D:10:     layout_cave_pods, minmay_orc_entry_guard_dogs,
          minmay_stone_trees_small
D:11:     layout_basic, minmay_lair_entry_grove,
          portal_ice_cave_entry_ice_simulacra
D:12:     layout_basic, minmay_misc_feat_tower, library_closet
D:13:     layout_loops_corners
D:14:     layout_stronghold, david_vaults_2, dreamdust_wishing_well,
          nicolae_shop_sticking_my_neck_out
D:15:     hangedman_depths_entry_try_elsewhere_first, layout_loops_ring,
          special_room [special_room_bee], uniq_josephine
Temple:   cyrus_circular_temple
Lair:1:   layout_loops_ring
Lair:2:   layout_gridlike, chequers_serial_rivers_small_b
Lair:3:   layout_loops_ring, minmay_swamp_entry_swarm, dummy_spider_entry,
          dreamdust_gnoll_shepherd
Lair:4:   layout_loops_ring, slime_entry_1, nicolae_volcano_entry_vermiform,
          lemuel_oklob_altar, lemuel_fruit_tree, grunt_megastairs_5,
          lemuel_fruit_fields, uniq_snorg
Lair:5:   hellmonk_lair_end_abyssal_woods, layout_regular_city,
          serial_bayou_pond_c, infiniplex_staircase_pool_2
Swamp:1:  gammafunk_worm_tunnel, layout_basic_swamp, nicolae_swamp_bean_lake,
          nicolae_swamp_triple_paths
Swamp:2:  layout_basic_swamp, ebering_ghost_xom, evilmike_swamp_ruin_house_3,
          infiniplex_staircase_pool
Swamp:3:  layout_basic_swamp, gammafunk_ghost_grave,
          evilmike_swamp_ruin_rubble_2
Orc:1:    layout_caves, ebering_ghost_rock_garden, uniq_fannar
Orc:2:    kennysheep_orc_mage_school, layout_diamond_mine

Skill      XL: |  1  2  3  4  5  6  7  8  9 10 11 12 13 14 15 16 |
---------------+-------------------------------------------------+-----
Axes           | 2 3 5 7 8 9 10 11 13 14 15 17 18 | 18.0
Fighting       | 4 5 6 7 8 9 10 11 12 13 | 13.0
Dodging        | 1 2 3 5 |  5.4
Armour         | 4 6 8 9 10 11 12 | 12.0
Throwing       | 2 3 4 6 7 |  7.0
Shields        | 4 5 6 7 8 |  8.8
Invocations    | 4 8 10 | 10.0

Action                   |  1- 3 |  4- 6 |  7- 9 | 10-12 | 13-15 | 16-18 || total
-------------------------+-------+-------+-------+-------+-------+-------++-------
Melee: War axe           |    89 |   154 |   327 |   478 |       |       ||  1048
       Broad axe         |       |       |       |    99 |  1015 |   221 ||  1335
Throw: Javelin           |       |       |    30 |    75 |   112 |    37 ||   254
       Boomerang         |       |       |       |       |    69 |     6 ||    75
Invok: Heroism           |       |       |     5 |    26 |    49 |     9 ||    89
       Finesse           |       |       |       |     2 |     8 |       ||    10
  Use: Scroll            |     1 |     8 |    16 |    11 |     7 |     2 ||    45
       Potion            |       |     1 |     4 |       |     3 |     1 ||     9
 Stab: Distracted        |       |       |       |       |     1 |       ||     1
Armor: Scale mail        |    43 |    89 |       |       |    67 |    88 ||   287
       Chain mail        |       |     1 |   212 |       |       |       ||   213
       Plate armour      |       |       |    21 |   351 |   555 |       ||   927
Dodge: Dodged            |    29 |    71 |    86 |   159 |   318 |    92 ||   755
Block: Buckler           |    14 |    24 |    75 |   121 |   244 |    37 ||   515

Table legend:
 A = Non-vault XP
 B = Vault XP
 C = Vault XP percentage of total XP
 D = Non-vault monster count
 E = Vault monster count
 F = Vault count percentage of total count
                 A         B        C        D         E       F
            +---------+---------+-------+---------+---------+-------
      Total |  116599 |   34813 |  23.0 |     521 |     160 |  23.5
            +---------+---------+-------+---------+---------+-------
        D:1 |      29 |       4 |  12.1 |      17 |       2 |  10.5
        D:2 |      59 |      31 |  34.4 |      18 |       9 |  33.3
        D:3 |     162 |       0 |   0.0 |      15 |       0 |   0.0
        D:4 |     450 |      13 |   2.8 |      18 |       1 |   5.3
        D:5 |     444 |      56 |  11.2 |      15 |       2 |  11.8
        D:6 |     430 |     230 |  34.8 |      12 |       5 |  29.4
        D:7 |     952 |       0 |   0.0 |      11 |       0 |   0.0
        D:8 |    2789 |     423 |  13.2 |      37 |       3 |   7.5
        D:9 |     943 |       0 |   0.0 |      22 |       0 |   0.0
       D:10 |    2406 |     488 |  16.9 |      17 |       3 |  15.0
       D:11 |    2162 |    2536 |  54.0 |      16 |      17 |  51.5
       D:12 |    4778 |       0 |   0.0 |      19 |       0 |   0.0
       D:13 |    9227 |       0 |   0.0 |      23 |       0 |   0.0
       D:14 |    8314 |    2488 |  23.0 |      16 |       3 |  15.8
       D:15 |   13010 |    5412 |  29.4 |      25 |      32 |  56.1
     Lair:1 |    5923 |       0 |   0.0 |      29 |       0 |   0.0
     Lair:2 |    6560 |       0 |   0.0 |      24 |       0 |   0.0
     Lair:3 |    3081 |     786 |  20.3 |      13 |       5 |  27.8
     Lair:4 |   15599 |    2410 |  13.4 |      39 |       5 |  11.4
     Lair:5 |   11263 |   12017 |  51.6 |      38 |      38 |  50.0
    Swamp:1 |    8972 |       0 |   0.0 |      20 |       0 |   0.0
    Swamp:2 |    6101 |       0 |   0.0 |      11 |       0 |   0.0
    Swamp:3 |    5667 |       0 |   0.0 |      13 |       0 |   0.0
      Orc:1 |    3059 |     878 |  22.3 |      30 |       1 |   3.2
      Orc:2 |    4219 |    7041 |  62.5 |      23 |      34 |  59.6
            +---------+---------+-------+---------+---------+-------
